AoeStats
← Odin

Arena

507140607Analyzed
2v2 RM · 16d ago on Sep 16, 2026· 47m 0s· 4 players
Game mode
Random Map
Map size
Medium (4 player)
Population
200
Speed
Normal
Resources
Standard
Victory
Conquest
Starting age
Dark Age
Ending age
Imperial Age
RankedLock teamsTeams togetherTeam positionsShared explorationLock speedFull tech treeHidden civsTurbo modeCheats
Victory
Defeat
🇨🇱 Spanish · Chile
802
+14
🇹🇷 Bohemians · Türkiye
697
+19
🇨🇴 Persians · Colombia
782
-17
🇨🇴 Shu · Colombia
740
-16
TinselFan831357
10:27 Feudal Age
11:24 Double-Bit Axe
19:07 Castle Age
17:16 Horse Collar
19:12 Light Cavalry
20:39 Husbandry
20:46 Stone Mining
24:33 Squires
24:18 Gambesons
24:56 Squires
25:43 Fervor
25:55 Heavy Plow
26:59 Pikeman
28:29 Wheelbarrow
27:40 Loom
28:48 Gambesons
30:09 Hand Cart
29:40 Town Watch
31:53 Murder Holes
32:40 Bow Saw
35:48 Imperial Age
35:12 Gold Mining
35:46 Scale Barding Armor
36:05 Ballistics
35:53 Coiled Serpent Array
36:07 Town Patrol
38:19 Conscription
38:34 Hoardings
39:08 Gold Shaft Mining
39:19 Chain Barding Armor
42:35 Two-Man Saw
42:40 Chemistry
41:45 Siege Engineers
41:52 Masonry
42:19 Plate Barding Armor
41:35 Fletching
41:45 Padded Archer Armor
41:56 Elite White Feather Guard
42:11 Heavy Hei Guang Cavalry
Odin
11:20 Feudal Age
17:29 Castle Age
15:52 Stone Mining
18:31 Double-Bit Axe
18:43 Gold Mining
18:43 Horse Collar
19:29 Heavy Plow
19:49 Bow Saw
23:31 Wheelbarrow
24:03 Husbandry
24:15 Bloodlines
24:14 Scale Barding Armor
24:20 Forging
24:12 Scale Mail Armor
24:43 Hand Cart
28:33 Chain Barding Armor
33:00 Imperial Age
33:23 Cavalier
34:43 Fletching
35:59 Murder Holes
36:04 Bodkin Arrow
35:41 Elite Skirmisher
36:58 Conscription
36:22 Savar
42:57 Chemistry
42:18 Ballistics
42:08 Herbal Medicine
45:43 Iron Casting
45:45 Plate Barding Armor
Han53
0:27 Loom
13:54 Feudal Age
14:35 Town Watch
15:27 Wheelbarrow
14:36 Horse Collar
14:45 Double-Bit Axe
23:26 Castle Age
24:53 Town Patrol
25:10 Hand Cart
27:05 Heavy Plow
28:48 Bow Saw
31:22 Chemistry
30:02 Treadmill Crane
30:52 Caravan
34:31 Wagenburg Tactics
40:17 Imperial Age
38:23 Padded Archer Armor
38:33 Forging
38:14 Fletching
38:24 Scale Mail Armor
40:20 Arson
40:40 Squires
40:03 Pikeman
42:04 Houfnice
47:14 Conscription
46:15 Elite Hussite Wagon
gustebrius
10:36 Feudal Age
12:10 Loom
14:52 Castle Age
13:07 Double-Bit Axe
13:41 Horse Collar
24:30 Forging
24:26 Scale Barding Armor
31:59 Imperial Age
29:48 Heavy Plow
32:25 Husbandry
32:36 Bloodlines
34:04 Stone Mining
34:05 Gold Mining
34:30 Bow Saw
34:20 Gold Mining
36:57 Chemistry
36:19 Ballistics
38:35 Squires
42:13 Inquisition
42:33 Cavalier
43:51 Pikeman
44:16 Gambesons
Connection lost

Rejoining the realm…

Still unreachable

The connection could not be restored.

Session expired

The server has moved on; the page needs a fresh start.